AAA
LYNN PATRIOTS @ QUEBEC FIGHTING QUAKERS
08/09/2059
 
TOP OF THE 1ST
Lynn Patriots batting - Pitching for Quebec Fighting Quakers : RHP Dylan Montgomery
Pitching: RHP Dylan Montgomery
Batting: RHB Paxton Barnett 0-0: Ground out 5-3 (Groundball, 56S, EV 68.8 MPH)
Batting: LHB Deshaun Hone 0-0: Called Strike
0-1: Foul Ball, location: 2F
0-2: Ball
1-2: Foul Ball, location: 2F
1-2: Ground out 3-1 (Groundball, 34, EV 87.5 MPH)
Batting: RHB Rodrick Madhubuti 0-0: Foul Ball, location: 2F
0-1: Swinging Strike
0-2: Ground out 6-3 (Groundball, 6M, EV 90.0 MPH)
Top of the 1st over - 0 runs, 0 hits, 0 errors, 0 left on base; Lynn 0 - Quebec 0
BOTTOM OF THE 1ST
Quebec Fighting Quakers batting - Pitching for Lynn Patriots : RHP Johnathon Dorado
Pitching: RHP Johnathon Dorado
Batting: RHB Kyle Long 0-0: Called Strike
0-1: Fly out, F6 (Line Drive, 6, EV 75.6 MPH)
Batting: LHB Jayden Marotta 0-0: Ball
1-0: Ball
2-0: DOUBLE (Groundball, 5L, EV 106.9 MPH)
Batting: RHB TeMarcus Turner 0-0: Called Strike
0-1: Ball
1-1: Called Strike
1-2: Ball
2-2: Foul Ball, location: 2F
2-2: Fly out, F7 (Flyball, 78S, EV 91.2 MPH)
Batting: LHB Roshown Guillen 0-0: Ball
1-0: Fly out, F7 (Line Drive, 7, EV 100.6 MPH)
Bottom of the 1st over - 0 runs, 1 hit, 0 errors, 1 left on base; Lynn 0 - Quebec 0
TOP OF THE 2ND
Lynn Patriots batting - Pitching for Quebec Fighting Quakers : RHP Dylan Montgomery
Batting: RHB Mike Thompson 0-0: Foul Ball, location: 2F
0-1: Ball
1-1: Ball
2-1: Called Strike
2-2: Ball
3-2: Strikes out looking
Batting: LHB Chase Corman 0-0: Called Strike
0-1: Swinging Strike
0-2: Ball
1-2: Strikes out swinging
Batting: SHB Xavier Amaro 0-0: Called Strike
0-1: Ball
1-1: Ball
2-1: Fly out, F8 (Flyball, 8RXD, EV 101.2 MPH)
Top of the 2nd over - 0 runs, 0 hits, 0 errors, 0 left on base; Lynn 0 - Quebec 0
BOTTOM OF THE 2ND
Quebec Fighting Quakers batting - Pitching for Lynn Patriots : RHP Johnathon Dorado
Batting: RHB Eli Tracy 0-0: Swinging Strike
0-1: Foul Ball, location: 2F
0-2: Ball
1-2: Ball
2-2: Strikes out looking
Batting: RHB Cody Henning 0-0: Ball
1-0: Ground out 6-3 (Groundball, 6, EV 103.8 MPH)
Batting: LHB Kaleb Roelofs 0-0: Ground out U3 (Groundball, 34, EV 81.2 MPH)
Bottom of the 2nd over - 0 runs, 0 hits, 0 errors, 0 left on base; Lynn 0 - Quebec 0
TOP OF THE 3RD
Lynn Patriots batting - Pitching for Quebec Fighting Quakers : RHP Dylan Montgomery
Batting: RHB Amani Hansen 0-0: Called Strike
0-1: Fly out, F8 (Flyball, 78M, EV 76.2 MPH)
Batting: RHB Scottie Viele 0-0: Ground out 4-3 (Groundball, 4, EV 88.1 MPH)
Batting: LHB Kyle Cherry 0-0: Called Strike
0-1: Called Strike
0-2: SINGLE (Groundball, 56D, EV 95.0 MPH)
Batting: RHB Paxton Barnett 0-0: Ground out 4-3 (Groundball, 4, EV 101.2 MPH)
Top of the 3rd over - 0 runs, 1 hit, 0 errors, 1 left on base; Lynn 0 - Quebec 0
BOTTOM OF THE 3RD
Quebec Fighting Quakers batting - Pitching for Lynn Patriots : RHP Johnathon Dorado
Batting: RHB Andy Christman 0-0: Ball
1-0: Ball
2-0: Ball
3-0: Base on Balls
Batting: LHB Kevyn O'Flynn 0-0: Called Strike
0-1: Ball
1-1: Foul Ball, location: 2F
1-2: SINGLE (Line Drive, 9S, EV 89.4 MPH)
Andy Christman to second
Batting: RHB Kyle Long 0-0: SINGLE (Line Drive, 56D, EV 103.1 MPH)
Andy Christman to third
Kevyn O'Flynn to second
Runner from 3rd tries for Home, throw by LF and OUT! 7-2
Batting: LHB Jayden Marotta 0-0: Ball
Kevyn O'Flynn steals 3rd base
Kyle Long to second
1-0: Foul Ball, location: 2F
1-1: Ball
2-1: Ground out 4-3 (Groundball, 4, EV 90.0 MPH)
Kevyn O'Flynn scores
Kyle Long to third
Batting: RHB TeMarcus Turner 0-0: Ball
1-0: Ground out 5-3 (Groundball, 56S, EV 89.4 MPH)
Bottom of the 3rd over - 1 run, 2 hits, 0 errors, 1 left on base; Lynn 0 - Quebec 1
TOP OF THE 4TH
Lynn Patriots batting - Pitching for Quebec Fighting Quakers : RHP Dylan Montgomery
Batting: LHB Deshaun Hone 0-0: Called Strike
0-1: Swinging Strike
0-2: Foul Ball, location: 2F
0-2: Strikes out swinging
Batting: RHB Rodrick Madhubuti 0-0: Foul Ball, location: 2F
0-1: Foul Ball, location: 2F
0-2: Foul Ball, location: 2F
0-2: Ball
1-2: Foul Ball, location: 2F
1-2: Ball
2-2: Ball
3-2: Fly out, F8 (Flyball, 8RXD, EV 95.0 MPH)
Batting: RHB Mike Thompson 0-0: Called Strike
0-1: Ground out 6-3 (Groundball, 6, EV 103.1 MPH)
Top of the 4th over - 0 runs, 0 hits, 0 errors, 0 left on base; Lynn 0 - Quebec 1
BOTTOM OF THE 4TH
Quebec Fighting Quakers batting - Pitching for Lynn Patriots : RHP Johnathon Dorado
Batting: LHB Roshown Guillen 0-0: Called Strike
0-1: Ball
1-1: Ball
2-1: Called Strike
2-2: Reached on error, E3 (Groundball, 34, EV 104.4 MPH)
Batting: RHB Eli Tracy 0-0: Ball
1-0: Ball
2-0: SINGLE (Line Drive, 89S, EV 98.8 MPH)
Roshown Guillen to second
Batting: RHB Cody Henning 0-0: Called Strike
0-1: SINGLE (Groundball, 56S, EV 71.2 MPH) (infield hit)
Roshown Guillen to third
Eli Tracy to second
Batting: LHB Kaleb Roelofs 0-0: Ball
1-0: Ball
2-0: Called Strike
2-1: Ball
3-1: Fly out, F9 (Flyball, 89D, EV 91.9 MPH)
Runner from 3rd tags up, OUT at HOME! 9-2
Eli Tracy to third
Cody Henning to second
Batting: RHB Andy Christman 0-0: Ball
1-0: Swinging Strike
1-1: Ball
2-1: Called Strike
2-2: Ball
3-2: Strikes out swinging
Bottom of the 4th over - 0 runs, 2 hits, 1 error, 2 left on base; Lynn 0 - Quebec 1
TOP OF THE 5TH
Lynn Patriots batting - Pitching for Quebec Fighting Quakers : RHP Dylan Montgomery
Batting: LHB Chase Corman 0-0: Called Strike
0-1: DOUBLE (Flyball, 8LXD, EV 103.8 MPH)
Batting: SHB Xavier Amaro 0-0: Called Strike
0-1: SINGLE (Line Drive, 8RS, EV 99.4 MPH)
Chase Corman to third
Batting: RHB Amani Hansen 0-0: Ball
1-0: Grounds into double play, 6-4-3 (Groundball, 6, EV 86.2 MPH)
Chase Corman scores
Batting: RHB Scottie Viele 0-0: Fly out, F2 (Popup, 13S, EV 83.8 MPH)
Top of the 5th over - 1 run, 2 hits, 0 errors, 0 left on base; Lynn 1 - Quebec 1
BOTTOM OF THE 5TH
Quebec Fighting Quakers batting - Pitching for Lynn Patriots : RHP Johnathon Dorado
Batting: LHB Kevyn O'Flynn 0-0: Fly out, F4 (Popup, 4D, EV 66.9 MPH)
Batting: RHB Kyle Long 0-0: Called Strike
0-1: Foul Ball, location: 2F
0-2: Ball
1-2: Ball
2-2: Ball
3-2: Ground out 6-3 (Groundball, 6MD, EV 83.8 MPH)
Batting: LHB Jayden Marotta 0-0: Ball
1-0: Ground out 4-3 (Groundball, 4, EV 79.4 MPH)
Bottom of the 5th over - 0 runs, 0 hits, 0 errors, 0 left on base; Lynn 1 - Quebec 1
TOP OF THE 6TH
Lynn Patriots batting - Pitching for Quebec Fighting Quakers : RHP Dylan Montgomery
Batting: LHB Kyle Cherry 0-0: Foul Ball, location: 2F
0-1: Swinging Strike
0-2: Foul Ball, location: 2F
0-2: Foul Ball, location: 2F
0-2: Fly out, F8 (Flyball, 89M, EV 81.9 MPH)
Batting: RHB Paxton Barnett 0-0: Ball
1-0: Ball
2-0: Called Strike
2-1: SINGLE (Groundball, 6S, EV 71.2 MPH) (infield hit)
Batting: LHB Deshaun Hone 0-0: Ball
1-0: Ball
2-0: Called Strike
2-1: Swinging Strike
2-2: Ball
3-2: Strikes out swinging
Paxton Barnett is caught stealing 2nd base 2-6
Batter strikes out.
Top of the 6th over - 0 runs, 1 hit, 0 errors, 0 left on base; Lynn 1 - Quebec 1
BOTTOM OF THE 6TH
Quebec Fighting Quakers batting - Pitching for Lynn Patriots : RHP Johnathon Dorado
Batting: RHB TeMarcus Turner 0-0: Called Strike
0-1: Foul Ball, location: 2F
0-2: Strikes out swinging
Batting: LHB Roshown Guillen 0-0: Swinging Strike
0-1: Foul Ball, location: 2F
0-2: Ball
1-2: Strikes out swinging, 2-3 out at first.
Batting: RHB Eli Tracy 0-0: Called Strike
0-1: Foul Ball, location: 2F
0-2: Ball
1-2: Ball
2-2: Ball
3-2: Foul Ball, location: 2F
3-2: Fly out, F7 (Flyball, 7S, EV 93.1 MPH)
Bottom of the 6th over - 0 runs, 0 hits, 0 errors, 0 left on base; Lynn 1 - Quebec 1
TOP OF THE 7TH
Lynn Patriots batting - Pitching for Quebec Fighting Quakers : RHP Dylan Montgomery
Batting: RHB Rodrick Madhubuti 0-0: Called Strike
0-1: Ground out 6-3 (Groundball, 6M, EV 81.2 MPH)
Batting: RHB Mike Thompson 0-0: Ball
1-0: Ground out 6-3 (Groundball, 6, EV 105.6 MPH)
Batting: LHB Chase Corman 0-0: Called Strike
0-1: Foul Ball, location: 2F
0-2: Foul Ball, location: 2F
0-2: Ball
1-2: Foul Ball, location: 2F
1-2: Fly out, F8 (Flyball, 8LXD, EV 91.9 MPH)
Top of the 7th over - 0 runs, 0 hits, 0 errors, 0 left on base; Lynn 1 - Quebec 1
BOTTOM OF THE 7TH
Quebec Fighting Quakers batting - Pitching for Lynn Patriots : RHP Johnathon Dorado
Batting: RHB Cody Henning 0-0: Foul Ball, location: 2F
0-1: Swinging Strike
0-2: Strikes out swinging, 2-3 out at first.
Pitching: LHP Nathan Swenson
Batting: LHB Kaleb Roelofs 0-0: Ball
1-0: Ground out U3 (Groundball, 3L, EV 90.6 MPH)
Pitching: RHP Blake Tippett
Batting: RHB Andy Christman 0-0: Foul Ball, location: 2F
0-1: Fly out, F8 (Flyball, 8RD, EV 106.2 MPH)
Bottom of the 7th over - 0 runs, 0 hits, 0 errors, 0 left on base; Lynn 1 - Quebec 1
TOP OF THE 8TH
Lynn Patriots batting - Pitching for Quebec Fighting Quakers : RHP Dylan Montgomery
Batting: SHB Xavier Amaro 0-0: Swinging Strike
0-1: Called Strike
0-2: Strikes out looking
Batting: RHB Amani Hansen 0-0: Swinging Strike
0-1: Swinging Strike
0-2: Ball
1-2: Foul Ball, location: 2F
1-2: Strikes out swinging
Batting: RHB Scottie Viele 0-0: Called Strike
0-1: Ball
1-1: Called Strike
1-2: Ball
2-2: SINGLE (Groundball, 56D, EV 99.4 MPH)
Batting: LHB Kyle Cherry 0-0: Foul Ball, location: 2F
0-1: Ball
1-1: Swinging Strike
1-2: Fly out, F8 (Flyball, 8LXD, EV 81.9 MPH)
Top of the 8th over - 0 runs, 1 hit, 0 errors, 1 left on base; Lynn 1 - Quebec 1
BOTTOM OF THE 8TH
Quebec Fighting Quakers batting - Pitching for Lynn Patriots : RHP Blake Tippett
Batting: LHB Kevyn O'Flynn 0-0: Called Strike
0-1: Fly out, F8 (Flyball, 8RXD, EV 96.2 MPH)
Pinch Hitting: LHB Neil Fedunina 0-0: Ball
1-0: SINGLE (Line Drive, 89M, EV 103.8 MPH)
Batting: LHB Jayden Marotta 0-0: Swinging Strike
0-1: Swinging Strike
0-2: Strikes out swinging
Batting: RHB TeMarcus Turner 0-0: Ball
1-0: Called Strike
1-1: SINGLE (Groundball, 34D, EV 104.4 MPH)
Neil Fedunina to second
Batting: LHB Roshown Guillen 0-0: Called Strike
0-1: Swinging Strike
0-2: Foul Ball, location: 2F
0-2: Ball
1-2: Fly out, F7 (Flyball, 78D, EV 89.4 MPH)
Bottom of the 8th over - 0 runs, 2 hits, 0 errors, 2 left on base; Lynn 1 - Quebec 1
TOP OF THE 9TH
Lynn Patriots batting - Pitching for Quebec Fighting Quakers : RHP Dylan Montgomery
Now at 2B: Neil Fedunina
Now at SS: Cody Henning
Batting: RHB Paxton Barnett 0-0: Called Strike
0-1: Foul Ball, location: 2F
0-2: Ball
1-2: Ball
2-2: Ground out 4-3 (Groundball, 34, EV 99.4 MPH)
Batting: LHB Deshaun Hone 0-0: Called Strike
0-1: Foul Ball, location: 2F
0-2: Ball
1-2: Ground out 6-3 (Groundball, 6M, EV 98.8 MPH)
Pitching: RHP J.R. Rader
Batting: RHB Rodrick Madhubuti 0-0: Ball
1-0: Ball
2-0: Ball
3-0: Base on Balls
Batting: RHB Mike Thompson 0-0: Ball
1-0: Called Strike
Rodrick Madhubuti is caught stealing 2nd base 2-4
Top of the 9th over - 0 runs, 0 hits, 0 errors, 0 left on base; Lynn 1 - Quebec 1
BOTTOM OF THE 9TH
Quebec Fighting Quakers batting - Pitching for Lynn Patriots : RHP Blake Tippett
Batting: RHB Eli Tracy 0-0: Called Strike
0-1: Fly out, F8 (Flyball, 89D, EV 97.5 MPH)
Batting: RHB Cody Henning 0-0: Ball
1-0: Ball
2-0: Called Strike
2-1: Ground out 4-3 (Groundball, 4S, EV 81.9 MPH)
Batting: LHB Kaleb Roelofs 0-0: Ball
1-0: SINGLE (Flyball, 78S, EV 91.2 MPH)
Batting: RHB Andy Christman 0-0: Called Strike
0-1: Swinging Strike
0-2: Foul Ball, location: 2F
0-2: Foul Ball, location: 2F
0-2: Ball
1-2: Strikes out swinging
Bottom of the 9th over - 0 runs, 1 hit, 0 errors, 1 left on base; Lynn 1 - Quebec 1
TOP OF THE 10TH
Lynn Patriots batting - Pitching for Quebec Fighting Quakers : RHP J.R. Rader
Batting: RHB Mike Thompson 0-0: Ball
1-0: Swinging Strike
1-1: Foul Ball, location: 2F
1-2: Strikes out swinging
Batting: LHB Chase Corman 0-0: Ball
1-0: DOUBLE (Flyball, 89XD, EV 95.6 MPH)
Batting: SHB Xavier Amaro 0-0: Ball
1-0: Called Strike
1-1: Ground out U3 (Groundball, 13, EV 86.9 MPH)
Chase Corman to third
Batting: RHB Amani Hansen 0-0: Intentional Walk
Batting: RHB Scottie Viele 0-0: Ball
1-0: Fly out, F7 (Flyball, 7, EV 88.8 MPH)
Top of the 10th over - 0 runs, 1 hit, 0 errors, 2 left on base; Lynn 1 - Quebec 1
BOTTOM OF THE 10TH
Quebec Fighting Quakers batting - Pitching for Lynn Patriots : RHP Blake Tippett
Pitching: LHP Greg Batton
Batting: LHB Kevyn O'Flynn 0-0: SINGLE (Groundball, 6MD, EV 108.1 MPH)
Batting: LHB Neil Fedunina 0-0: Sac Bunt to 25 - play at first, batter OUT! 5-3
Kevyn O'Flynn to second
Batting: LHB Jayden Marotta 0-0: Called Strike
Kevyn O'Flynn steals 3rd base
0-1: Ball
1-1: Ball
2-1: Squeeze Bunt to P - play home, runner scores, batter safe!
Kevyn O'Flynn scores
Bottom of the 10th over - 1 run, 1 hit, 0 errors, 1 left on base; Lynn 1 - Quebec 2
Thursday, March 21st , 2024 - OOTP Baseball 23.10 Build 110